AoeStats
← ffjuanes

Arabia

510118824Analyzed
1v1 RM · 3d ago on Sep 29, 2026· 41m 31s· 2 players
Game mode
Random Map
Map size
Tiny (2 player)
Population
200
Speed
Normal
Resources
Standard
Victory
Conquest
Starting age
Dark Age
Ending age
Imperial Age
RankedLock teamsTeams togetherTeam positionsShared explorationLock speedFull tech treeHidden civsTurbo modeCheats
Victory
Defeat
🇨🇴 Wei · Colombia
1272
+14
🇧🇷 Persians · Brazil
1236
-14
Dibrei
6:39 Loom
9:28 Feudal Age
9:55 Double-Bit Axe
11:01 Horse Collar
16:14 Fletching
21:37 Castle Age
19:33 Gold Mining
20:26 Padded Archer Armor
21:37 Wheelbarrow
21:26 Crossbowman
22:12 Thumb Ring
22:38 Bodkin Arrow
23:25 Town Watch
25:33 Bow Saw
25:41 Leather Archer Armor
27:49 Stone Mining
28:01 Pikeman
28:59 Squires
29:55 Forging
30:46 Scale Mail Armor
34:08 Iron Casting
33:21 Arson
33:21 Gambesons
37:14 Chain Mail Armor
37:36 Elite Skirmisher
43:17 Imperial Age
ffjuanes
6:38 Loom
8:51 Feudal Age
9:24 Double-Bit Axe
17:28 Horse Collar
18:26 Wheelbarrow
20:59 Gold Mining
24:06 Castle Age
25:00 Bow Saw
24:52 Heavy Plow
26:23 Scale Barding Armor
26:31 Forging
26:37 Bloodlines
27:49 Chain Barding Armor
31:34 Husbandry
32:26 Stone Mining
33:48 Fletching
33:59 Padded Archer Armor
34:34 Bodkin Arrow
37:53 Imperial Age
38:18 Imperial Age
37:37 Thumb Ring
38:24 Ballistics
39:33 Bracer
40:28 Parthian Tactics
Connection lost

Rejoining the realm…

Still unreachable

The connection could not be restored.

Session expired

The server has moved on; the page needs a fresh start.